 Dungeon Crawl Stone Soup version 0.29.1-2-gbd0b4ee654 (webtiles) character file.

Game seed: 6382856507925753388

147 hawla the Chiller (level 5, -3/24 (39) HPs)
             Began as a Meteoran Ice Elementalist on Oct 28, 2022.
             Slain by a wyvern (6 damage)
             ... on level 4 of the Dungeon.
             The game lasted 00:09:02 (1842 turns).

hawla the Chiller (Meteoran Ice Elementalist)       Turns: 1842, Time: 00:09:02

HP:   -3/24 (39)    AC:  5    Str:  9    XL:     5   Next: 86%
MP:   4/11          EV: 12    Int: 19    God:
Gold: 207           SH:  5    Dex: 14    Spells: 3/11 levels left

rFire   . . .      SeeInvis +   (no weapon)
rCold   . . .      Faith    .   (no shield)
rNeg    . . .      Spirit   .   a - +1 robe
rPois   .          Reflect  +   g - +0 helmet
rElec   .          Harm     .   (no cloak)
rCorr   .          Rampage  .   (no gloves)
Will    .....                   d - +0 pair of boots
Stlth   +.........              h - amulet of reflection
HPRegen 0.08/turn               b - ring of see invisible
MPRegen 0.12/turn               (no ring)

@: brilliant, freezing walls, very slightly contaminated, glowing, very heavily
drained, invisible (but backlit and visible)
A: sense surroundings 1, otherworldly, glowing, explore regen
a: no special abilities


You were on level 4 of the Dungeon.
You visited 1 branch of the dungeon, and saw 4 of its levels.

You collected 207 gold pieces.

Inventory:

Armour
 a - a +1 robe (worn)
 d - a +0 pair of boots (worn)
 g - a +0 helmet (worn)
Jewellery
 b - a ring of see invisible (left hand)
 h - an amulet of reflection (around neck)
 j - an amulet of faith
 l - a ring of willpower
Scrolls
 c - a scroll of teleportation {unknown}
 i - 2 scrolls of fog


   Skills:
 - Level 0.3 Fighting
 - Level 2.8 Dodging
 - Level 1.4 Stealth
 - Level 3.8 Spellcasting
 + Level 6.3 Ice Magic


You had 3 spell levels left.
You knew the following spells:

 Your Spells              Type           Power      Damage    Failure   Level
a - Freeze                Ice            100%       1d11      1%          1
b - Frozen Ramparts       Ice            82%        1d13      3%          3
c - Hailstorm             Conj/Ice       23%        3d7       36%         4

Your spell library contained the following spells:

 Spells                   Type           Power      Damage    Failure   Level
 Ozocubu's Armour         Ice            41%        N/A       3%          3
 Apportation              Tloc           10%        N/A       14%         1
 Magic Dart               Conj           24%        1d4       14%         1
 Necrotise                Necr           20%        1d5       14%         1
 Summon Small Mammal      Summ           20%        N/A       14%         1
 Call Imp                 Summ           5%         N/A       22%         2
 Call Canine Familiar     Summ           5%         N/A       38%         3
 Mephitic Cloud           Conj/Pois/Air  5%         N/A       38%         3
 Summon Guardian Golem    Hex/Summ       5%         N/A       38%         3


Dungeon Overview and Level Annotations

Branches:
Dungeon (4/15) Zot: 758
 Temple: D:4-7

Altars:

Shops:
D:3 [


Innate Abilities, Weirdness & Mutations

You passively map a small area around you.
You are easily found by Zot.
You glow in the dark.
You regain HP and MP as you explore.


Message History

There is a stone staircase leading down here.
You climb downwards.
The wyvern hisses angrily.
There is a stone staircase leading up here.
A wyvern is nearby!
Casting: Freeze (safe; 1% risk of failure)
Confirm with . or Enter, or press ? or * to list all spells.
The spell is astonishingly dangerous to miscast (36% risk of failure)!
Continue anyway?
Casting: Hailstorm (astonishingly dangerous; 36% risk of failure)
Press: ? - help, Dir - look around, f - activate You miscast Hailstorm.
You are very lightly contaminated with residual magic.
Energy rips through your body!
Ouch! That really hurt!
Unknown command.
Casting: Hailstorm (astonishingly dangerous; 36% risk of failure)
Confirm with . or Enter, or press ? or * to list all spells.
The spell is quite dangerous to miscast (3% risk of failure)!
Continue anyway?
Casting: Frozen Ramparts (quite dangerous; 3% risk of failure)
Press: ? - help, Dir - look around, f - activate A stone staircase leading up.
The walls around you are covered in ice.
The wall freezes the wyvern.
The wyvern bites you.
* * * LOW HITPOINT WARNING * * *
The wall freezes the wyvern.
You block the wyvern's attack.
You feel better.
The wall freezes the wyvern.
The wyvern bites you but does no damage.
It was a potion of brilliance.
You feel clever all of a sudden.
The wall freezes the wyvern!
The wyvern bites you but does no damage.
The wall freezes the wyvern but does no damage.
The wyvern bites you!
* * * LOW HITPOINT WARNING * * *
A gnoll comes into view. It is wielding a +0 club.
It was a potion of invisibility.
You become transparent, but the glow from your body prevents you from becoming completely invisible.
The gnoll shouts!
The wall freezes the wyvern.
The wyvern bites you.
You die...

, #* #. ...*
,, #. . ..g
, *
,,#.###.,..,
, ....... *
...#. , ,
..., , , ,
#.##.##.#.#
, *
#...@l....#
* * *
#.####.##.#
, , , .. ,
,..# * , ,
... * , .. ,
. , , ,* ,


You could see a wyvern and a gnoll.

Vanquished Creatures
  Terence (D:2)
  4 adders
  An adder zombie (D:3)
  2 adder skeletons (D:3)
  A worm (D:2)
  An orc (D:3)
  3 ball pythons
  7 bats
  3 endoplasms
  4 giant cockroaches
  2 goblins
  9 hobgoblins
  6 jackals
  3 quokkas
  A ball python skeleton (D:3)
  7 frilled lizards
  9 kobolds
  A quokka zombie (D:3)
  4 rats (D:1)
69 creatures vanquished.

Vanquished Creatures (others)
  2 withered plants (D:3)
2 creatures vanquished.

Grand Total: 71 creatures vanquished

Notes
Turn   | Place    | Note
-------+----------+-------------------------------------------
     0 | D:1      | hawla the Meteoran Ice Elementalist began the quest for the
                  | Orb.
     0 | D:1      | Reached XP level 1. HP: 14/14 MP: 5/5
    87 | D:1      | Reached XP level 2. HP: 20/20 MP: 3/6
   145 | D:1      | Found a faded altar of an unknown god.
   174 | D:1      | Reached XP level 3. HP: 15/26 MP: 5/8
   335 | D:1      | Learned a level 3 spell: Frozen Ramparts
   499 | D:1      | Glimpsed the power of Zot.
   653 | D:2      | Reached XP level 4. HP: 29/34 MP: 6/10
   658 | D:2      | Learned a level 4 spell: Hailstorm
   704 | D:2      | Reached skill level 5 in Ice Magic
   806 | D:2      | Noticed Terence
   810 | D:2      | Killed Terence
   811 | D:2      | Reached XP level 5. HP: 31/39 MP: 5/11
  1100 | D:2      | Glimpsed the power of Zot.
  1150 | D:2      | Glimpsed the power of Zot.
  1296 | D:3      | Found Guex Apivo's Armour Boutique.
  1367 | D:3      | Reached skill level 6 in Ice Magic
  1700 | D:2      | Glimpsed the power of Zot.
  1750 | D:2      | Glimpsed the power of Zot.
  1790 | D:2      | Glimpsed the power of Zot.
  1800 | D:3      | Touched by the power of Zot.
  1837 | D:4      | Noticed a wyvern
  1842 | D:4      | Slain by a wyvern

Illustrated notes

Levels and vault maps discovered:
D:1:      saegor_arrival_under_anarchy, layout_rooms,
          hellmonk_ecumenical_altar_slurped_away
D:2:      layout_basic, uniq_terence
D:3:      layout_basic, serial_shops, shop, serial_undead, serial_undead_e,
          serial_undead_a, serial_undead_c, serial_undead_d, serial_undead_c,
          serial_undead_a, uniq_crazy_yiuf_cottage
D:4:      layout_basic, kennysheep_decorative_pillar

Skill      XL: |  1  2  3  4  5 |
---------------+----------------+-----
Spellcasting   | 3 |  3.8
Ice Magic      | 5 6 |  6.3
Fighting       | |  0.3
Dodging        | |  2.8
Stealth        | |  1.4

Action                   |  1- 3 |  4- 6 || total
-------------------------+-------+-------++-------
Melee: Unarmed           |     6 |    57 ||    63
       Punch             |       |     1 ||     1
 Cast: Freeze            |    43 |    14 ||    57
       Frozen Ramparts   |     1 |    22 ||    23
       Hailstorm         |       |     5 ||     5
  Use: Potion            |     1 |     4 ||     5
       Scroll            |     4 |     2 ||     6
Armor: Robe              |    16 |    34 ||    50
Dodge: Dodged            |    28 |    50 ||    78
Block: Other             |       |    19 ||    19
       Reflection        |       |     1 ||     1
